| TOP OF THE 1ST |
|
Bristol Pirates batting - Pitching for Danville Braves : RHP Andrew Stanek
|
|
Pitching: RHP Andrew Stanek
|
|
|
Batting: SHB Don Hauk
|
0-0: Ball 1-0: Swinging Strike 1-1: Ball 2-1: DOUBLE (Line Drive, 8LXD, EV 107.5 MPH)
|
|
Batting: SHB Ronnie Brooks
|
0-0: Foul Ball, location: 2F 0-1: Ball 1-1: Ball 2-1: Called Strike 2-2: Ball 3-2: Strikes out swinging
|
|
Batting: LHB Josh Aerni
|
0-0: Ball 1-0: Foul Ball, location: 2F 1-1: Ball 2-1: Ball 3-1: Called Strike 3-2: Strikes out looking
|
|
Batting: RHB Ricky Alvarado
|
0-0: Called Strike 0-1: Ground out U3 (Groundball, 3L, EV 100.6 MPH)
|
| Top of the 1st over - 0 runs, 1 hit, 0 errors, 1 left on base; Bristol 0 - Danville 0 |
| BOTTOM OF THE 1ST |
|
Danville Braves batting - Pitching for Bristol Pirates : RHP Jason Kaufman
|
|
Pitching: RHP Jason Kaufman
|
|
|
Batting: RHB Danny Dimas
|
0-0: Ground out 4-3 (Groundball, 4, EV 98.1 MPH)
|
|
Batting: LHB Mitsujiro Tanaka
|
0-0: Swinging Strike 0-1: Foul Ball, location: 2F 0-2: DOUBLE (Line Drive, 8LD, EV 103.1 MPH)
|
|
Batting: LHB Ivan Castillo
|
0-0: SINGLE (Groundball, 56D, EV 105.6 MPH) Mitsujiro Tanaka to third
|
|
Batting: RHB Carlos Livas
|
0-0: Called Strike Ivan Castillo steals 2nd base 0-1: Called Strike 0-2: Foul Ball, location: 2F 0-2: Ball 1-2: SINGLE (Flyball, 34D, EV 88.1 MPH) Mitsujiro Tanaka scores Ivan Castillo to third
|
|
Batting: RHB Rodolfo Cosme
|
0-0: Ball Carlos Livas steals 2nd base (no throw) 1-0: Ball 2-0: Called Strike 2-1: Called Strike 2-2: Strikes out swinging
|
|
Batting: RHB Paul Holland
|
0-0: Ball 1-0: Ball 2-0: Ball 3-0: Called Strike 3-1: Ground out 5-3 (Groundball, 25, EV 84.4 MPH)
|
| Bottom of the 1st over - 1 run, 3 hits, 0 errors, 2 left on base; Bristol 0 - Danville 1 |
| TOP OF THE 2ND |
|
Bristol Pirates batting - Pitching for Danville Braves : RHP Andrew Stanek
|
|
Batting: RHB Steve Terres
|
0-0: Ball 1-0: Ball 2-0: Foul Ball, location: 2F 2-1: Ball 3-1: Reached on error, E1 (Groundball, 15S, EV 73.1 MPH)
|
|
Batting: RHB Chris Arroyo
|
0-0: Ball Wild Pitch! Steve Terres to third 1-0: Foul Ball, location: 2F 1-1: Ball 2-1: Called Strike 2-2: Strikes out swinging
|
|
Batting: LHB Randy Boone
|
0-0: Ground out 6-3 (Groundball, 6, EV 98.8 MPH) Steve Terres scores
|
|
Batting: RHB Ryan LeSueur
|
0-0: Ball 1-0: Ball 2-0: Ball 3-0: Called Strike 3-1: Called Strike 3-2: Base on Balls
|
|
Batting: RHB Hidesuke Yoshida
|
0-0: Ball 1-0: Ball Ryan LeSueur steals 2nd base (no throw) 2-0: Ball 3-0: Fly out, F5 (Line Drive, 5, EV 73.1 MPH)
|
| Top of the 2nd over - 1 run, 0 hits, 1 error, 1 left on base; Bristol 1 - Danville 1 |
| BOTTOM OF THE 2ND |
|
Danville Braves batting - Pitching for Bristol Pirates : RHP Jason Kaufman
|
|
Batting: RHB Roberto Rios
|
0-0: Reached on error, E6 (Groundball, 6S, EV 78.8 MPH)
|
|
Batting: RHB Roman Lauder
|
0-0: Ball 1-0: Ball 2-0: Called Strike 2-1: Called Strike 2-2: Fly out, F8 (Flyball, 8LS, EV 88.8 MPH)
|
|
Batting: RHB Aaron Sartini
|
0-0: Called Strike 0-1: Ball 1-1: Ball 2-1: Foul Ball, location: 2F 2-2: Strikes out swinging Roberto Rios steals 2nd, throwing error, E2 Roberto Rios to third
|
|
Batting: RHB Danny Dimas
|
0-0: Ground out 4-3 (Groundball, 4S, EV 89.4 MPH)
|
| Bottom of the 2nd over - 0 runs, 0 hits, 2 errors, 1 left on base; Bristol 1 - Danville 1 |
| TOP OF THE 3RD |
|
Bristol Pirates batting - Pitching for Danville Braves : RHP Andrew Stanek
|
|
Batting: SHB Don Hauk
|
0-0: Ball 1-0: Swinging Strike 1-1: Ball 2-1: Ball 3-1: Swinging Strike 3-2: Strikes out swinging passed ball, reaches first!
|
|
Batting: SHB Ronnie Brooks
|
0-0: Ball Don Hauk steals 2nd base 1-0: Called Strike 1-1: Called Strike Don Hauk is caught stealing 3rd base 2-5 1-2: Ball 2-2: Ball 3-2: Fly out, F4 (Line Drive, 4, EV 63.8 MPH)
|
|
Batting: LHB Josh Aerni
|
0-0: Ball 1-0: Foul Ball, location: 2F 1-1: Ground out 4-3 (Groundball, 4MS, EV 70.0 MPH)
|
| Top of the 3rd over - 0 runs, 0 hits, 0 errors, 0 left on base; Bristol 1 - Danville 1 |
| BOTTOM OF THE 3RD |
|
Danville Braves batting - Pitching for Bristol Pirates : RHP Jason Kaufman
|
|
Batting: LHB Mitsujiro Tanaka
|
0-0: Ball 1-0: Reached on error, E5 (Groundball, 56, EV 80.0 MPH)
|
|
Batting: LHB Ivan Castillo
|
0-0: Ball 1-0: Ball 2-0: Ball 3-0: Called Strike 3-1: Called Strike 3-2: Base on Balls
|
|
Batting: RHB Carlos Livas
|
0-0: Called Strike 0-1: Called Strike 0-2: Ball 1-2: Ball 2-2: Strikes out swinging
|
|
Batting: RHB Rodolfo Cosme
|
0-0: Ball 1-0: Called Strike 1-1: Foul Ball, location: 2F 1-2: Ball 2-2: Grounds into double play, 6-4-3 (Groundball, 6, EV 101.2 MPH)
|
| Bottom of the 3rd over - 0 runs, 0 hits, 1 error, 1 left on base; Bristol 1 - Danville 1 |
| TOP OF THE 4TH |
|
Bristol Pirates batting - Pitching for Danville Braves : RHP Andrew Stanek
|
|
Batting: RHB Ricky Alvarado
|
0-0: Ball 1-0: Swinging Strike 1-1: Foul Ball, location: 2F 1-2: Ball 2-2: Ball 3-2: Strikes out looking
|
|
Batting: RHB Steve Terres
|
0-0: Ball 1-0: Ball 2-0: Swinging Strike 2-1: Called Strike 2-2: Ball 3-2: Base on Balls
|
|
Pitching: RHP Rick Grenfell
|
|
|
Batting: RHB Chris Arroyo
|
0-0: Swinging Strike 0-1: Ball 1-1: Swinging Strike 1-2: Strikes out looking
|
|
Batting: LHB Randy Boone
|
0-0: Called Strike 0-1: Swinging Strike 0-2: Fielders Choice at 2nd, 6-4 (Groundball, 6, EV 85.6 MPH)
|
| Top of the 4th over - 0 runs, 0 hits, 0 errors, 1 left on base; Bristol 1 - Danville 1 |
| BOTTOM OF THE 4TH |
|
Danville Braves batting - Pitching for Bristol Pirates : RHP Jason Kaufman
|
|
Batting: RHB Paul Holland
|
0-0: Ball 1-0: Foul Ball, location: 2F 1-1: Reached on error, E5 (Groundball, 5S, EV 80.0 MPH)
|
|
Batting: RHB Roberto Rios
|
0-0: Ball 1-0: Ball Paul Holland is caught stealing 2nd base 2-4 2-0: Foul Ball, location: 2F 2-1: Foul Ball, location: 2F 2-2: Ground out U3 (Groundball, 34S, EV 79.4 MPH)
|
|
Batting: RHB Roman Lauder
|
0-0: Foul Ball, location: 2F 0-1: Ball 1-1: Foul Ball, location: 2F 1-2: Ball 2-2: Ball 3-2: Foul Ball, location: 2F 3-2: Foul Ball, location: 2F 3-2: SINGLE (Groundball, 34D, EV 110.0 MPH)
|
|
Batting: RHB Aaron Sartini
|
0-0: Foul Ball, location: 2F 0-1: Ball 1-1: Ball 2-1: Fly out, F3 (Popup, 3L, EV 80.0 MPH)
|
| Bottom of the 4th over - 0 runs, 1 hit, 1 error, 1 left on base; Bristol 1 - Danville 1 |
| TOP OF THE 5TH |
|
Bristol Pirates batting - Pitching for Danville Braves : RHP Rick Grenfell
|
|
Batting: RHB Ryan LeSueur
|
0-0: Ball 1-0: Ground out 6-3 (Groundball, 6D, EV 100.0 MPH)
|
|
Batting: RHB Hidesuke Yoshida
|
0-0: Ball 1-0: Called Strike 1-1: Ball 2-1: Foul Ball, location: 2F 2-2: Strikes out swinging
|
|
Batting: SHB Don Hauk
|
0-0: Ball 1-0: Called Strike 1-1: Ball 2-1: Foul Ball, location: 2F 2-2: Strikes out swinging
|
| Top of the 5th over - 0 runs, 0 hits, 0 errors, 0 left on base; Bristol 1 - Danville 1 |
| BOTTOM OF THE 5TH |
|
Danville Braves batting - Pitching for Bristol Pirates : RHP Jason Kaufman
|
|
Batting: RHB Danny Dimas
|
0-0: Foul Ball, location: 2F 0-1: Swinging Strike 0-2: Ball 1-2: Foul Ball, location: 2F 1-2: Ball 2-2: Strikes out swinging
|
|
Pitching: LHP Juan Hernandez
|
|
|
Batting: LHB Mitsujiro Tanaka
|
0-0: Called Strike 0-1: Ground out 5-3 (Groundball, 56, EV 77.5 MPH)
|
|
Batting: LHB Ivan Castillo
|
0-0: Called Strike 0-1: Foul Ball, location: 2F 0-2: Foul Ball, location: 2F 0-2: Ball 1-2: Ball 2-2: Fly out, F8 (Flyball, 8RM, EV 96.2 MPH)
|
| Bottom of the 5th over - 0 runs, 0 hits, 0 errors, 0 left on base; Bristol 1 - Danville 1 |
| TOP OF THE 6TH |
|
Bristol Pirates batting - Pitching for Danville Braves : RHP Rick Grenfell
|
|
Batting: SHB Ronnie Brooks
|
0-0: Called Strike 0-1: Ground out U3 (Groundball, 3, EV 83.1 MPH)
|
|
Batting: LHB Josh Aerni
|
0-0: Ball 1-0: Called Strike 1-1: Ball 2-1: Ball 3-1: Fly out, F8 (Flyball, 8RM, EV 90.6 MPH)
|
|
Batting: RHB Ricky Alvarado
|
0-0: Ball 1-0: Called Strike 1-1: Ball 2-1: Foul Ball, location: 2F 2-2: Strikes out swinging
|
| Top of the 6th over - 0 runs, 0 hits, 0 errors, 0 left on base; Bristol 1 - Danville 1 |
| BOTTOM OF THE 6TH |
|
Danville Braves batting - Pitching for Bristol Pirates : LHP Juan Hernandez
|
|
Batting: RHB Carlos Livas
|
0-0: Ball 1-0: Foul Ball, location: 2F 1-1: Ball 2-1: Foul Ball, location: 2F 2-2: Foul Ball, location: 2F 2-2: Ground out 2-3 (Groundball, 13S, EV 73.1 MPH)
|
|
Batting: RHB Rodolfo Cosme
|
0-0: Ball 1-0: Called Strike 1-1: Swinging Strike 1-2: Strikes out looking
|
|
Batting: RHB Paul Holland
|
0-0: Ground out 1-3 (Groundball, 15S, EV 68.8 MPH)
|
| Bottom of the 6th over - 0 runs, 0 hits, 0 errors, 0 left on base; Bristol 1 - Danville 1 |
| TOP OF THE 7TH |
|
Bristol Pirates batting - Pitching for Danville Braves : RHP Rick Grenfell
|
|
Batting: RHB Steve Terres
|
0-0: Foul Ball, location: 2F 0-1: Swinging Strike 0-2: Strikes out swinging
|
|
Batting: RHB Chris Arroyo
|
0-0: Ball 1-0: Called Strike 1-1: Ball 2-1: Called Strike 2-2: Ball 3-2: Strikes out looking
|
|
Batting: LHB Randy Boone
|
0-0: Ball 1-0: Called Strike 1-1: Foul Ball, location: 2F 1-2: TRIPLE (Flyball, 78XD, EV 93.8 MPH)
|
|
Pitching: LHP Mohala Kileona
|
|
|
Batting: RHB Ryan LeSueur
|
0-0: Ball 1-0: SINGLE (Line Drive, 34D, EV 94.4 MPH) Randy Boone scores
|
|
Batting: RHB Hidesuke Yoshida
|
0-0: Called Strike 0-1: Ball 1-1: Swinging Strike 1-2: Ball 2-2: Strikes out swinging
|
| Top of the 7th over - 1 run, 2 hits, 0 errors, 1 left on base; Bristol 2 - Danville 1 |
| BOTTOM OF THE 7TH |
|
Danville Braves batting - Pitching for Bristol Pirates : LHP Juan Hernandez
|
|
Batting: RHB Roberto Rios
|
0-0: Ball 1-0: Ball 2-0: Ball 3-0: Called Strike 3-1: Base on Balls
|
|
Batting: RHB Roman Lauder
|
|
|
Batting: RHB Richard Saquic
|
0-0: Called Strike Roberto Rios steals 2nd base 0-1: Bunt missed! 0-2: Ball Wild Pitch! Roberto Rios to third 1-2: Fly out, F8 (Flyball, 8RD, EV 106.9 MPH)
|
|
Pinch Hitting: LHB Diego Garcia
|
0-0: Ball 1-0: 2-RUN HOME RUN (Flyball, 89XD, EV 105.6 MPH), Distance : 414 ft
|
|
Batting: RHB Danny Dimas
|
0-0: Called Strike 0-1: Foul Ball, location: 2F 0-2: Strikes out looking
|
|
Batting: LHB Mitsujiro Tanaka
|
0-0: Swinging Strike 0-1: Ball 1-1: Called Strike 1-2: Strikes out looking
|
| Bottom of the 7th over - 2 runs, 1 hit, 0 errors, 0 left on base; Bristol 2 - Danville 3 |
| TOP OF THE 8TH |
|
Bristol Pirates batting - Pitching for Danville Braves : LHP Mohala Kileona
|
|
Now in LF: James Anderson
|
|
|
Now in CF: Danny Dimas
|
|
|
Batting: SHB Don Hauk
|
0-0: Ground out 6-3 (Groundball, 56, EV 106.2 MPH)
|
|
Batting: SHB Ronnie Brooks
|
0-0: Foul Ball, location: 2F 0-1: Ball 1-1: Ground out 6-3 (Groundball, 6, EV 83.8 MPH)
|
|
Batting: LHB Josh Aerni
|
0-0: Ball 1-0: Foul Ball, location: 2F 1-1: Fly out, F3 (Popup, 3F, EV 57.5 MPH)
|
| Top of the 8th over - 0 runs, 0 hits, 0 errors, 0 left on base; Bristol 2 - Danville 3 |
| BOTTOM OF THE 8TH |
|
Danville Braves batting - Pitching for Bristol Pirates : LHP Juan Hernandez
|
|
Pitching: RHP Randy Nelligan
|
|
|
Batting: LHB Ivan Castillo
|
0-0: Ball 1-0: Ball 2-0: Called Strike 2-1: Ball 3-1: Ground out 6-3 (Groundball, 6, EV 86.2 MPH)
|
|
Batting: RHB Carlos Livas
|
0-0: Swinging Strike 0-1: Ball 1-1: Ball 2-1: Fly out, F8 (Flyball, 89S, EV 97.5 MPH)
|
|
Batting: RHB Rodolfo Cosme
|
0-0: Ball 1-0: Called Strike 1-1: Ball 2-1: Foul Ball, location: 2F 2-2: Ball 3-2: Strikes out swinging
|
| Bottom of the 8th over - 0 runs, 0 hits, 0 errors, 0 left on base; Bristol 2 - Danville 3 |
| TOP OF THE 9TH |
|
Bristol Pirates batting - Pitching for Danville Braves : LHP Mohala Kileona
|
|
Pitching: RHP Orlando Mosqueda
|
|
|
Now at 2B: Vicente Guillen
|
|
|
Now at 3B: Paul Holland
|
|
|
Batting: RHB Ricky Alvarado
|
0-0: Fly out, F6 (Flyball, 6MD, EV 84.4 MPH)
|
|
Batting: RHB Steve Terres
|
0-0: Called Strike 0-1: Hit by Pitch
|
|
Pinch Hitting: LHB Dustin Herman
|
0-0: Ball 1-0: Ball 2-0: Called Strike 2-1: 2-RUN HOME RUN (Flyball, 9D, EV 98.1 MPH), Distance : 354 ft
|
|
Batting: LHB Randy Boone
|
0-0: Ball 1-0: Ball 2-0: Ground out 3-1 (Groundball, 34, EV 96.9 MPH)
|
|
Batting: RHB Ryan LeSueur
|
0-0: Called Strike 0-1: Foul Ball, location: 2F 0-2: Ball 1-2: Foul Ball, location: 2F 1-2: Strikes out swinging
|
| Top of the 9th over - 2 runs, 1 hit, 0 errors, 0 left on base; Bristol 4 - Danville 3 |
| BOTTOM OF THE 9TH |
|
Danville Braves batting - Pitching for Bristol Pirates : RHP Randy Nelligan
|
|
Pitching: RHP Francisco Santos
|
|
|
Now at 1B: Dustin Herman
|
|
|
Now at 3B: Erik Mulligan
|
|
|
Batting: RHB Paul Holland
|
0-0: Ball 1-0: SINGLE (Groundball, 4M, EV 101.9 MPH)
|
|
Batting: RHB Roberto Rios
|
0-0: Bunted foul 0-1: Sac Bunt to P - play at first, batter OUT! 1-3 Paul Holland to second
|
|
Batting: RHB Richard Saquic
|
0-0: Foul Ball, location: 2F 0-1: Swinging Strike 0-2: Strikes out swinging, 2-3 out at first.
|
|
Batting: RHB James Anderson
|
0-0: Ball 1-0: Swinging Strike 1-1: Fly out, F7 (Flyball, 7, EV 91.9 MPH)
|
| Bottom of the 9th over - 0 runs, 1 hit, 0 errors, 1 left on base; Bristol 4 - Danville 3 |
|